 Dungeon Crawl Stone Soup version 0.26.1-11-gd32895ea62 (webtiles) character file.

Game seed: 14848876469224099245

205 Zeld the Chopper (level 5, -9/67 HPs)
             Began as a Minotaur Berserker on May 28, 2021.
             Was a Follower of Trog.
             Mangled by an orc warrior
             ... wielding a +0 flail
              (17 damage)
             ... on level 6 of the Dungeon.
             The game lasted 00:02:08 (1673 turns).

Zeld the Chopper (Minotaur Berserker)               Turns: 1673, Time: 00:02:09

Health: -9/67      AC:  0    Str: 23    XL:     5   Next: 52%
Magic:  4/4        EV: 12    Int:  4    God:    Trog [*.....]
Gold:   7          SH:  0    Dex:  9    Spells: 4/4 levels left

rFire    . . .     SeeInvis .   a - +3 hand axe (vorpal)
rCold    . . .     Faith    .   (no shield)
rNeg     . . .     Spirit   .   (no armour)
rPois    .         Reflect  .   (helmet restricted)
rElec    .         Harm     .   (no cloak)
rCorr    .         Rampage  .   (no gloves)
Will     .....                  (no boots)
Stlth    ..........             (no amulet)
HPRegen  0.21/turn              (no ring)
MPRegen  0.09/turn              (no ring)

@: berserking, very quick
A: retaliatory headbutt, horns 2
a: Renounce Religion, Berserk


You were on level 6 of the Dungeon.
You worshipped Trog.
Trog was aware of your devotion.
You visited 1 branch of the dungeon, and saw 6 of its levels.

You collected 94 gold pieces.
You spent 87 gold pieces at shops.

Inventory:

Hand Weapons
 a - a +3 vorpal hand axe (weapon)
Wands
 g - a wand of acid (5)
Scrolls
 c - a scroll of magic mapping
Potions
 h - a potion of curing


   Skills:
 - Level 3.6 Fighting
 * Level 7.6 Axes
 - Level 2.4 Armour
 - Level 2.1 Dodging


You had 4 spell levels left.
You didn't know any spells.
Your spell library was empty.

Dungeon Overview and Level Annotations

Branches:
Dungeon (6/15)
 Temple: D:4-7

Altars:
Makhleb
Nemelex Xobeh
Uskayaw
Wu Jian

Shops:
D:5 ?!


Innate Abilities, Weirdness & Mutations

You reflexively headbutt those who attack you in melee.
You have a pair of horns on your head.


Message History

* * * LOW HITPOINT WARNING * * *
The giant cockroach misses you.
You slash the giant cockroach!
You kill the giant cockroach!
Trog accepts your kill.
You barely miss the orc warrior. You hit the orc priest.
The orc priest closely misses you.
Unknown command.
Unknown command.
You hit the orc priest.
The orc priest is heavily wounded.
You completely miss the orc warrior. The orc warrior barely misses you.
Unknown command.
You slash the orc priest!
You feel the power of Trog in you as your rage grows.
You kill the orc priest!
Trog accepts your kill.
You slash the orc warrior!
The orc warrior hits you with a +0 flail!
You die...

#.# #.#
#.#
#####.#
......
#.##.##
.o#.<#
#o#..#
#@#†.#
#o†..#
#.#.##
###.#
#.# #.#
#.# #.#
...


You could see an orc warrior and 2 orcs.

Vanquished Creatures
  An ogre (D:4)
  A water moccasin skeleton (D:4)
  A hound (D:5)
  An orc priest (D:6)
  A worker ant (D:5)
  A leopard gecko (D:3)
  5 orcs
  A bat (D:3)
  3 giant cockroaches
  A quokka (D:2)
  A kobold (D:2)
  A leopard gecko skeleton (D:5)
  2 rats
20 creatures vanquished.

Vanquished Creatures (others)
  A plant (D:2)
1 creature vanquished.

Grand Total: 21 creatures vanquished

Notes
Turn   | Place    | Note
-------+----------+-------------------------------------------
     0 | D:1      | Zeld the Minotaur Berserker began the quest for the Orb.
     0 | D:1      | Reached XP level 1. HP: 19/19 MP: 0/0
    83 | D:2      | Found an ornate altar of the Wu Jian Council.
   221 | D:2      | Reached skill level 4 in Axes
   500 | D:3      | Reached XP level 2. HP: 26/26 MP: 1/1
   559 | D:4      | Found a burning altar of Makhleb.
   651 | D:4      | Noticed an ogre
   667 | D:4      | Killed an ogre
   668 | D:4      | Reached skill level 6 in Axes
   668 | D:4      | Reached XP level 3. HP: 11/31 MP: 2/2
   668 | D:4      | Reached XP level 4. HP: 14/39 MP: 3/3
   911 | D:4      | Reached skill level 7 in Axes
   911 | D:4      | Reached XP level 5. HP: 29/45 MP: 4/4
  1116 | D:5      | Entered Level 5 of the Dungeon
  1158 | D:5      | Found a sparkling altar of Nemelex Xobeh.
  1387 | D:5      | Found Xeib's Distillery.
  1395 | D:5      | Bought a potion of curing for 39 gold pieces
  1601 | D:5      | Found a hide-covered altar of Uskayaw.
  1635 | D:5      | Found Caico's Magic Scroll Boutique.
  1643 | D:5      | Bought a scroll of identify for 24 gold pieces
  1643 | D:5      | Bought a scroll of identify for 24 gold pieces
  1665 | D:6      | Noticed an orc warrior
  1673 | D:6      | Mangled by an orc warrior

Illustrated notes

Levels and vault maps discovered:
D:1:      amcnicky_arrival_blooded_trapdoor, layout_basic,
          hangedman_decor_slide_cut
D:2:      layout_loops_cross, nicolae_overflow_hidden_temple,
          old_standard_altar, nzn_hepliaklqana_mist_gate, old_standard_altar,
          serial_forest, infiniplex_forest_end_1, infiniplex_forest_end_2,
          infiniplex_forest_end_2, infiniplex_forest_straight_1,
          infiniplex_forest_side_room, infiniplex_forest_clump_diagonal,
          infiniplex_forest_diagonal, infiniplex_forest_lined_corner,
          infiniplex_forest_clump_double, nicolae_ru_sacrificial_ziggurat
D:3:      layout_basic, cheibriados_altar_1, minmay_misc_feat_alley
D:4:      layout_gridville, lemuel_doored_altar, uniq_eustachio
D:5:      cheibrodos_iron_armory, layout_layer_cave,
          nemelex_xobeh_ov_fountains_minmay, lemuel_round_altar,
          lemuel_coloured_pillars_altar, serial_rivers,
          chequers_serial_rivers_micro_c, chequers_serial_rivers_micro_b,
          chequers_serial_rivers_micro_c, chequers_serial_rivers_micro_c,
          serial_shops, nicolae_shop_waterfront, shop, nicolae_shop_trees, shop,
          uniq_grinder
D:6:      layout_basic, lemuel_crystal_altar, marbit_many_paths,
          minmay_temple_entry_junction_2

Skill      XL: |  1  2  3  4 |
---------------+-------------+-----
Axes           | 4 6 7 |  7.6
Fighting       | |  3.6
Armour         | |  2.4
Dodging        | |  2.1

Action                   |  1- 3 |  4- 6 || total
-------------------------+-------+-------++-------
Melee: Hand axe          |    21 |    30 ||    51
       Headbutt          |     6 |     4 ||    10
Invok: Berserk           |     1 |     1 ||     2
  Use: Scroll            |       |     5 ||     5
Dodge: Dodged            |    13 |    13 ||    26
